 Dungeon Sprint DCSS version 0.29-a0-613-gf2c431b9b9 (webtiles) character file.

Game seed: 51596871739897611

10644 mhtbhm the Worldbinder (level 11, -8/55 HPs)
             Began as a Tengu Summoner on June 16, 2022.
             Was an Initiate of Gozag.
             Hit by a javelin thrown by Urug (32 damage)
             ... in the Dungeon (Sprint III: "The Ten Rune Challenge").
             The game lasted 00:17:04 (4464 turns).

mhtbhm the Worldbinder (Tengu Summoner)             Turns: 4464, Time: 00:17:05

Health: -8/55      AC:  4    Str:  9    XL:     11   Next: 65%
Magic:  24/33      EV: 18    Int: 29    God:    Gozag
Gold:   3759       SH:  5    Dex: 21    Spells: 31/44 levels left

rFire   + + +      SeeInvis .     - Unarmed
rCold   . . .      Faith    .   (no shield)
rNeg    . . .      Spirit   .   a - +2 robe {Will+}
rPois   +          Reflect  +   (helmet restricted)
rElec   .          Harm     .   (no cloak)
rCorr   .          Rampage  .   (no gloves)
Will    .....      NoTele   +   (boots unavailable)
Stlth   +++.......              o - amulet of the Butterfly {Reflect rF+ SH+5}
HPRegen 0.18/turn               d - ring "Fes Vole" {rPois rF++ Will- Int+4 Dex+6}
MPRegen 0.23/turn               p - +6 ring of intelligence

@: flying quickly and evasively, quick
A: beak, talons 3, nimble flight, antennae 2
a: Renounce Religion, Potion Petition, Call Merchant, Bribe Branch


You were in the Dungeon.
You worshipped Gozag.
Gozag was most pleased with you.
You visited 1 branch You collected 6823 gold pieces.
You spent 2565 gold pieces at shops.
You paid 499 gold pieces to Gozag.

Inventory:

Armour
 a - a +2 robe of willpower (worn)
Jewellery
 d - the ring "Fes Vole" (left hand) {rPois rF++ Will- Int+4 Dex+6}
   (You bought it in a shop in the Dungeon)

   [ring of dexterity]

   Int:       It affects your intelligence (+4).
   Dex:       It affects your dexterity (+6).
   rF:        It greatly protects you from fire.
   rPois:     It protects you from poison.
   Will:      It decreases your willpower.
 o - the amulet of the Butterfly (around neck) {Reflect rF+ SH+5}
   (You bought it in a shop in the Dungeon)

   [amulet of reflection]

   It reflects blocked missile attacks.
   rF:        It protects you from fire.
   SH:        It affects your SH (+5).
 p - a +6 ring of intelligence (right hand)
Wands
 n - a wand of digging (4)
Scrolls
 g - 3 scrolls of blinking
 h - 2 scrolls of immolation {unknown}
 i - 2 scrolls of identify {unknown}
 k - a scroll of poison {unknown}
Potions
 b - 3 potions of magic
 c - a potion of curing
 f - a potion of mutation
 j - a potion of attraction {unknown}
 l - 2 potions of brilliance {unknown}
Miscellaneous
 m - a phial of floods


   Skills:
 + Level 0.4 Fighting
 + Level 4.8 Dodging
 - Level 3.7 Stealth
 + Level 1.2 Shields
 + Level 1.2 Unarmed Combat
 + Level 17.0 Spellcasting
 + Level 4.9 Hexes
 + Level 21.7 Summonings
 + Level 10.7 Air Magic


You had 31 spell levels left.
You knew the following spells:

 Your Spells              Type           Power      Damage    Failure   Level
a - Summon Small Mammal   Summ           100%       N/A       0%          1
b - Call Imp              Summ           100%       N/A       0%          2
c - Call Canine Familiar  Summ           100%       N/A       0%          3
d - Summon Guardian Gole  Hex/Summ       80%        N/A       1%          3
e - Summon Lightning Spi  Summ/Air       87%        N/A       1%          4

Your spell library contained the following spells:

 Spells                   Type           Power      Damage    Failure   Level
 Tukima's Dance           Hex            52%        N/A       1%          3
 Passage of Golubria      Tloc           24%        N/A       19%         4
 Yara's Violent Unravell  Hex/Tmut       19%        3d9       19%         5


Dungeon Overview and Level Annotations

Branches:
Dungeon (1/1)

Altars:
Cheibriados
Dithmenos
Elyvilon
Fedhas
Gozag
Hepliaklqana
Kikubaaqudgha
Makhleb
Nemelex Xobeh
Okawaru
Qazlal
Ru
Sif Muna
Trog
Uskayaw
Vehumet
Wu Jian
Xom
Yredelemnul
Zin
The Shining One
Beogh
Jiyva
Lugonu

Shops:
D ?=

Annotations:
D Urug


Innate Abilities, Weirdness & Mutations

You have a beak for a mouth.
You have claws for feet.
Your magical nature lets you fly swiftly and evasively.
You have a pair of antennae on your head.


Message History

Confirm with . or Enter, or press ? or * to list all spells.
Unknown command.
Casting: Call Canine Familiar (safe; 0% risk of failure)
Confirm with . or Enter, or press ? or * to list all spells.
A beastly little devil appears in a puff of frigid air.
Urug throws a javelin.
The javelin pierces through your warg! The javelin misses you.
Your warg barely misses Urug.
Unknown command.
Your warg bites Urug!
Urug throws a javelin.
The javelin pierces through your warg!!
The javelin pierces through your guardian golem!
The javelin completely misses you.
Your warg bites Urug.
Urug hits your warg with a +5 demon trident.
Unknown command.
Unknown command.
Your warg closely misses Urug.
Urug throws a javelin.
The javelin closely misses your warg.
The javelin pierces through your guardian golem but does no damage.
The javelin pierces through you.
Your warg closely misses Urug.
Something barely misses your warg.
Unknown command.
Unknown command.
You swap places.
Your white imp barely misses Urug.
Urug hits you from afar with a +5 demon trident!
Your white imp barely misses Urug.
Urug closely misses you.
Unknown command.
Your white imp barely misses Urug.
Your warg barely misses Urug.
Urug hits you from afar with a +5 demon trident!!
Unknown command.
Your white imp hits Urug.
Your white imp freezes Urug.
Your warg bites Urug!
Urug hits your warg with a +5 demon trident!!
You feel better.
Your warg misses Urug.
Your white imp closely misses Urug.
Urug throws a javelin.
The javelin pierces through your warg!
Your warg dies!
Your warg's corpse disappears in a puff of smoke!
The javelin pierces through you!!
Ouch! That really hurt!
You die...
Your body crumbles into a pile of gold.

##.....#...#__#...#[[≈§≈)[#.))..'
#......#'###§_#...#.#§§[#)#.#...#
.#.....#.).#__#.).'[#§§.#[#.#...#
###....#___#__'...#.#§§.#.).#...#
▓▓▓▓▓▓▓▓▓▓▓▓▓▓▓▓▓▓▓▓▓▓▓▓▓▓▓▓▓▓▓▓#
≈≈.≈.5.....♣♣♣♣≈≈≈........≈≈≈...#
§§≈≈♣..≈≈≈≈'♣♣'♣≈≈≈≈≈≈≈≈≈≈≈≈♣♣..'
§§≈≈≈'.....#.≈♣♣♣♣♣♣♣♣♣♣♣♣♣♣♣♣PP#
§§≈≈......♣#..♣♣@...♣ ♣♣♣#
≈≈≈≈......♣###'♣.§95♣************
######♣.♣♣♣♣♣♣.##.o##≈≈≈≈≈≈,{*{{*
,,{,,,♣♣♣♣....##8##.#≈≈≈≈≈,,,*$$*
******+*♣....##.##.##+≈≈≈≈≈****+*
,,,,,,,*♣♣♣...#.##..o#≈{,,,,,,,,*
**********♣♣..##.##..#≈,,+*******
,,,,,,,,,* ♣♣.##.#*###,,,*,,,,,,*
,,,,,,,,,* ♣.....#*{,,,,,****,_,*


You could see Urug (ally target), a friendly guardian golem (summoned) and a
friendly white imp (summoned, sheltered).

Vanquished Creatures
  Jessica (D)
1 creature vanquished.

Vanquished Creatures (collateral kills)
  Josephine (D)
  A lindwurm (D)
  4 deep elf pyromancers (D)
  An orc knight (D)
  2 deep elf zephyrmancers (D)
  2 cane toads (D)
  An unseen horror (D)
  A komodo dragon (D)
  A rime drake (D)
  3 wandering mushrooms (D)
  A tyrant leech (D)
  2 blink frogs (D)
  A shadow (D)
  2 redbacks (D)
  A spatial vortex (D)
  A swamp drake (D)
  8 orc warriors (D)
  2 centaurs (D)
  An earth elemental (D)
  A water elemental (D)
  A scorpion (D)
  A jelly (D)
  A wizard (D)
  An orc wizard (D)
  A kobold demonologist (D)
  3 humans (D)
  7 orcs (D)
  3 rats (D)
55 creatures vanquished.

Vanquished Creatures (others)
  A centaur warrior (D)
  An orc sorcerer (D)
  A tyrant leech (D)
  3 blink frogs (D)
  A redback (D)
  A necrophage (D)
  A necromancer (D)
  A plant (D)
10 creatures vanquished.

Grand Total: 66 creatures vanquished

Notes
Turn   | Place    | Note
-------+----------+-------------------------------------------
     0 | D        | mhtbhm the Tengu Summoner began the quest for the Orb.
     0 | D        | Reached XP level 1. HP: 10/10 MP: 4/4
     9 | D        | Reached skill level 5 in Summonings
    63 | D        | Noticed Jessica
    70 | D        | Killed Jessica
    71 | D        | Reached skill level 7 in Summonings
    71 | D        | Reached XP level 2. HP: 10/15 MP: 2/6
    71 | D        | Reached XP level 3. HP: 13/19 MP: 2/8
   230 | D        | Learned a level 2 spell: Call Imp
   234 | D        | Learned a level 3 spell: Call Canine Familiar
   242 | D        | Noticed a scorpion
   256 | D        | Killed a scorpion
   257 | D        | Reached skill level 9 in Summonings
   257 | D        | Reached XP level 4. HP: 17/24 MP: 2/10
   389 | D        | Learned a level 3 spell: Summon Guardian Golem
   410 | D        | Reached skill level 10 in Summonings
   516 | D        | Gained mutation: You passively map a small area around you.
                  | [potion of mutation]
   516 | D        | Gained mutation: Your spells are a little easier to cast,
                  | but a little less powerful. [potion of mutation]
   519 | D        | Lost mutation: You passively map a small area around you.
                  | [potion of mutation]
   519 | D        | Lost mutation: Your spells are a little easier to cast, but
                  | a little less powerful. [potion of mutation]
   519 | D        | Gained mutation: You have a pair of small antennae on your
                  | head. [potion of mutation]
   519 | D        | Gained mutation: You have a pair of antennae on your head.
                  | [potion of mutation]
   525 | D        | Noticed a water elemental
   534 | D        | Killed a water elemental
   535 | D        | Reached skill level 5 in Spellcasting
   535 | D        | Gained mutation: Your magical nature lets you fly swiftly
                  | and evasively. [Tengu growth]
   535 | D        | Reached XP level 5. HP: 28/28 MP: 0/14
   640 | D        | Learned a level 4 spell: Summon Lightning Spire
   685 | D        | Reached skill level 11 in Summonings
   687 | D        | Noticed a shadow
   689 | D        | Killed a shadow
   690 | D        | Reached skill level 12 in Summonings
   690 | D        | Reached XP level 6. HP: 32/32 MP: 1/17
   904 | D        | Found a blossoming altar of Fedhas.
   904 | D        | Found a stormy altar of Qazlal.
   904 | D        | Found a snail-covered altar of Cheibriados.
   904 | D        | Found a burning altar of Makhleb.
   904 | D        | Found a shimmering altar of Xom.
   904 | D        | Noticed a spatial vortex
   908 | D        | Found a hazy altar of Hepliaklqana.
   908 | D        | Found an opulent altar of Gozag.
   908 | D        | Found a sparkling altar of Nemelex Xobeh.
   908 | D        | Found a corrupted altar of Lugonu.
   908 | D        | Found a viscous altar of Jiyva.
   915 | D        | Killed a spatial vortex
   916 | D        | Reached skill level 1 in Hexes
   916 | D        | Reached skill level 13 in Summonings
   916 | D        | Reached skill level 1 in Air Magic
   916 | D        | Reached XP level 7. HP: 36/36 MP: 8/20
   922 | D        | Became a worshipper of Gozag Ym Sagoz the Greedy
   945 | D        | Found a basalt altar of Yredelemnul.
   945 | D        | Found a shadowy altar of Dithmenos.
   945 | D        | Found a sacrificial altar of Ru.
  1079 | D        | Found a radiant altar of Vehumet.
  1079 | D        | Found a shimmering blue altar of Sif Muna.
  1079 | D        | Found an ancient bone altar of Kikubaaqudgha.
  1485 | D        | Found a glowing silver altar of Zin.
  1485 | D        | Found a glowing golden altar of the Shining One.
  1485 | D        | Found a white marble altar of Elyvilon.
  1485 | D        | Noticed a deep elf pyromancer
  1491 | D        | Killed a deep elf pyromancer
  1492 | D        | Reached skill level 10 in Spellcasting
  1492 | D        | Reached skill level 14 in Summonings
  1492 | D        | Reached XP level 8. HP: 41/41 MP: 8/23
  1591 | D        | Found a hide-covered altar of Uskayaw.
  1591 | D        | Found an iron altar of Okawaru.
  1591 | D        | Found a bloodstained altar of Trog.
  1591 | D        | Found an ornate altar of the Wu Jian Council.
  1606 | D        | Reached skill level 15 in Summonings
  1725 | D        | Noticed Josephine
  1749 | D        | Killed Josephine
  1750 | D        | Reached skill level 16 in Summonings
  1750 | D        | Reached skill level 5 in Air Magic
  1750 | D        | Reached XP level 9. HP: 37/45 MP: 11/26
  2113 | D        | Noticed a centaur warrior
  2122 | D        | Killed a centaur warrior
  2123 | D        | Reached skill level 17 in Summonings
  2379 | D        | Found Okhum's Magic Scroll Shop.
  2380 | D        | Noticed an orc knight
  2380 | D        | Noticed an orc sorcerer
  2381 | D        | Noticed a smoke demon
  2395 | D        | Killed an orc sorcerer
  2396 | D        | Reached skill level 18 in Summonings
  2396 | D        | Reached XP level 10. HP: 33/50 MP: 14/28
  2430 | D        | Killed an orc knight
  2540 | D        | Reached skill level 19 in Summonings
  2721 | D        | Bought a scroll of blinking for 97 gold pieces
  2721 | D        | Bought a scroll of blinking for 97 gold pieces
  2721 | D        | Bought a scroll of magic mapping for 45 gold pieces
  2777 | D        | Noticed a deep elf pyromancer
  2777 | D        | Noticed a deep elf zephyrmancer
  2777 | D        | Noticed a deep elf zephyrmancer
  2777 | D        | Noticed a deep elf pyromancer
  2777 | D        | Noticed a deep elf pyromancer
  2791 | D        | Killed a deep elf pyromancer
  2802 | D        | Killed a deep elf pyromancer
  2803 | D        | Killed a deep elf zephyrmancer
  2804 | D        | Reached skill level 15 in Spellcasting
  2826 | D        | Killed a deep elf pyromancer
  2827 | D        | Reached skill level 20 in Summonings
  2923 | D        | Killed a deep elf zephyrmancer
  2980 | D        | Noticed a deep elf high priest
  2981 | D        | Identified the +10 short sword "Lem Wyosai" {pain, Str+5}
  2981 | D        | Noticed a deep elf annihilator
  3207 | D        | Bought the ring "Fes Vole" {rPois rF++ Will- Int+4 Dex+6}
                  | for 1096 gold pieces
  3207 | D        | Bought the amulet of the Butterfly {Reflect rF+ SH+5} for
                  | 528 gold pieces
  3213 | D        | Bought a +6 ring of intelligence for 702 gold pieces
  3267 | D        | Killed an unseen horror
  3268 | D        | Reached XP level 11. HP: 50/54 MP: 20/31
  3565 | D        | Reached skill level 21 in Summonings
  3749 | D        | Reached skill level 10 in Air Magic
  3864 | D        | Reached skill level 1 in Shields
  3864 | D        | Reached skill level 1 in Unarmed Combat
  4255 | D        | Noticed a lindwurm
  4263 | D        | Killed a lindwurm
  4446 | D        | Noticed Urug
  4464 | D        | Hit by a javelin thrown by Urug

Illustrated notes

Levels and vault maps discovered:
D:        dungeon_sprint_mu [sprint_mu_entry_cave, sprint_mu_temple_rooms,
          sprint_mu_d1_horrors, sprint_mu_d2_genie, sprint_mu_d3_branching,
          sprint_mu_orc_legion, sprint_mu_elf_gauntlet, sprint_mu_hive_nellie,
          sprint_mu_lair_fedhas, sprint_mu_vaults_butterflies,
          sprint_mu_slime_circle, sprint_mu_swamp_cave, sprint_mu_shoals_archi,
          sprint_mu_blade_basic, sprint_mu_crypt_chambers,
          sprint_mu_tomb_spiral, sprint_mu_vestibule_basic,
          sprint_mu_gehenna_hellfire, sprint_mu_dis_giant,
          sprint_mu_tartarus_statrot, sprint_mu_cocytus_islands, sprint_mu_zot1]

Skill      XL: |  1  2  3  4  5  6  7  8  9 10 11 |
---------------+----------------------------------+-----
Summonings     | 7 9 10 12 13 14 16 18 20 21 | 21.7
Dodging        | 3 4 |  4.8
Stealth        | 3 |  3.7
Spellcasting   | 3 5 7 8 10 12 13 15 17 | 17.0
Hexes          | 1 2 4 |  4.9
Air Magic      | 1 4 5 6 9 10 | 10.7
Shields        | 1 |  1.2
Unarmed Combat | 1 |  1.2
Fighting       | |  0.4

Action                   |  1- 3 |  4- 6 |  7- 9 | 10-12 || total
-------------------------+-------+-------+-------+-------++-------
Melee: Unarmed           |     6 |     3 |       |     6 ||    15
       Peck              |     2 |       |       |     3 ||     5
       Kick              |       |     1 |       |     2 ||     3
 Cast: Summon Small Mamm |     8 |     7 |    11 |     1 ||    27
       Call Imp          |     1 |     4 |     9 |     7 ||    21
       Call Canine Famil |     1 |     4 |    14 |    13 ||    32
       Summon Guardian G |       |     5 |    11 |    19 ||    35
       Summon Lightning  |       |     2 |    17 |    30 ||    49
Invok: Call Merchant     |       |       |       |     1 ||     1
  Use: Potion            |     1 |     2 |     2 |     2 ||     7
       Scroll            |       |       |       |     1 ||     1
 Stab: Sleeping          |       |       |       |     1 ||     1
Armor: Robe              |       |       |       |     1 ||     1
Dodge: Dodged            |     1 |     1 |     3 |    18 ||    23
Block: Other             |       |       |       |     5 ||     5

Table legend: (Time is in decaauts)
 A = Elapsed time spent in this place.
 B = Non-inter-level travel time spent in this place.
 C = Inter-level travel time spent in this place.
 D = Time resting spent in this place.
 E = Time spent auto-exploring this place.
 F = Levels seen in this place.
 G = Mean time per level.
                   A        B        C        D        E       F      G
               +--------+--------+--------+--------+--------+-----+--------+
         Total |   4387 |   4369 |     18 |   2980 |     39 |   1 | 4387.0 |
       Dungeon |   4387 |   4369 |     18 |   2980 |     39 |   1 | 4387.0 |
               +--------+--------+--------+--------+--------+-----+--------+

Top non-repeatable levels by time:
       D: 4387 daAuts
